Coyotes vs Kings
(R1)
Created - 8 octobre 2014 at 19:03
Goals
|
| Coyotes |
2 |
1 |
3 |
6 |
| Kings |
0 |
2 |
1 |
3 |
|
Shots
|
| Coyotes |
7 |
8 |
10 |
25 |
| Kings |
13 |
12 |
6 |
31 |
|
1st period
1. Coyotes , Boyd Devereaux 1 (Chad Larose, Jiri Fischer) at 1:42 (SH)
2. Coyotes , Tim Connolly 3 (Drew Miller, Andy Sutton) at 9:01
Penalties :
Erik Cole (Ari) for Slashing (Minor) at 0:44
2nd period
3. Kings , Anze Kopitar 2 (Henrik Zetterberg) at 1:15
4. Kings , Anze Kopitar 3 (Henrik Zetterberg) at 2:27
5. Coyotes , Boyd Devereaux 2 (Vaclav Varada, Jiri Fischer) at 9:35
Penalties :
Patrick Kane (LAK) for Slashing (Minor) at 6:20, Marian Gaborik (Ari) for Tripping (Minor) at 16:17, Boyd Devereaux (Ari) for Holding (Minor) at 16:26
3rd period
6. Coyotes , Marian Gaborik 3 (Frans Nielsen, Ryan Miller) at 9:31 (PP)
7. Coyotes , Drew Miller 3 (Tim Connolly, Denis Grebeshkov) at 11:53 (PP)
8. Coyotes , Denis Grebeshkov 1 (Erik Cole, Chad Larose) at 16:00 (PP)
9. Kings , Henrik Zetterberg 6 (Anze Kopitar, Eric Brewer) at 17:57
Penalties :
Shawn Thornton (Ari) for Goalie Interference (Minor) at 2:58, Mikkel Boedker (LAK) for Interference (Minor) at 9:17, Eric Brewer (LAK) for Checking from behind (Major) at 11:26
Goalie Stats
Ryan Miller (Ari), 28 saves from 31 shots - (0,903), W, 2-2-2, 60:00 minutes
Nikolai Khabibulin (LAK), 7 saves from 9 shots - (0,778), 10:29 minutes
Ondrej Pavelec (LAK), 12 saves from 16 shots - (0,750), L, 2-3-1, 49:31 minutes
Players Stats for Coyotes
Player Name G A P +/- PIM S H SB GA TA FO MP PP MP PK MP
------------------------------------------------------------------------------------
Andy Sutton 0 1 1 1 0 0 1 1 1 0 0/0 15:53 0:00 2:39
Anton Stralman 0 0 0 -1 0 0 2 5 0 1 0/0 19:39 2:36 0:09
Boyd Devereaux 2 0 2 2 2 3 1 1 0 0 2/8 10:06 0:00 2:04
Chad Larose 0 2 2 1 0 1 2 0 0 0 0/0 12:40 1:04 2:49
Chris Stewart 0 0 0 1 0 1 2 0 0 0 0/0 17:02 3:56 0:00
Denis Grebeshkov 1 1 2 -2 0 2 0 0 0 0 0/0 22:59 4:36 2:39
Drew Miller 1 1 2 -3 0 3 2 2 0 0 1/4 21:31 2:12 2:18
Erik Christensen 0 0 0 0 0 2 2 0 0 0 4/5 11:35 2:12 0:08
Erik Cole 0 1 1 1 2 3 3 1 0 0 0/1 15:46 1:10 1:00
Frans Nielsen 0 1 1 -3 0 2 2 0 0 1 18/33 19:36 3:57 0:00
Jiri Fischer 0 2 2 2 0 0 0 2 0 0 0/0 16:45 0:00 3:27
Kurt Sauer 0 0 0 1 0 0 0 4 1 0 0/0 23:02 2:36 3:27
Lukas Krajicek 0 0 0 -1 0 0 0 0 0 0 0/0 21:51 4:36 0:00
Marian Gaborik 1 0 1 -3 2 2 3 0 1 0 1/3 19:45 3:56 0:00
Pavel Brendl 0 0 0 0 0 1 1 0 0 1 0/1 8:47 0:00 0:00
Shawn Thornton 0 0 0 1 2 2 1 0 0 0 0/0 9:07 0:57 0:00
Tim Connolly 1 1 2 1 0 2 2 2 1 0 6/13 15:46 2:12 0:00
Vaclav Varada 0 1 1 1 0 1 1 0 1 2 0/3 10:10 0:00 1:53
Players Stats for Kings
Player Name G A P +/- PIM S H SB GA TA FO MP PP MP PK MP
------------------------------------------------------------------------------------
Adrian Aucoin 0 0 0 -1 0 2 2 0 0 1 0/0 22:21 2:14 2:31
Anze Kopitar 2 1 3 3 0 8 2 0 0 1 16/26 19:38 3:36 1:13
Chris Higgins 0 0 0 -1 0 0 0 0 0 0 0/0 16:08 0:06 1:20
Eric Brewer 0 1 1 -2 5 2 2 1 1 0 0/0 21:50 3:52 0:51
Henrik Zetterberg 1 2 3 2 0 1 1 0 0 1 0/0 16:43 2:30 0:00
Hnat Domenichelli 0 0 0 -1 0 0 1 0 0 0 0/0 6:36 0:00 0:00
Jeff Schultz 0 0 0 2 0 0 0 3 0 0 0/0 19:17 0:00 4:41
Jonas Hoglund 0 0 0 0 0 2 0 0 0 0 2/2 15:08 0:00 4:12
Kyle Okposo 0 0 0 2 0 1 0 0 0 0 0/2 16:43 2:30 0:00
Lubomir Visnovsky 0 0 0 0 0 0 1 2 0 0 0/0 18:25 0:00 4:24
Luke Schenn 0 0 0 0 0 1 0 1 1 0 0/0 15:31 0:00 1:30
Marc-Édouard Vlasic 0 0 0 1 0 1 1 1 0 0 0/0 19:24 3:52 0:27
Matt Duchene 0 0 0 -1 0 3 2 1 0 0 9/12 15:56 2:30 0:00
Mike Cammalleri 0 0 0 0 0 1 1 1 0 0 1/9 15:18 2:14 1:40
Mikkel Boedker 0 0 0 0 2 1 0 0 1 0 1/1 14:40 3:30 0:00
Patrick Kane 0 0 0 -1 2 7 0 0 1 1 3/5 18:32 3:36 0:00
Sheldon Keefe 0 0 0 -2 0 0 0 1 1 1 5/12 12:11 0:00 4:19
Viktor Kozlov 0 0 0 -1 0 1 0 0 0 0 2/2 8:24 0:00 1:40
3 Stars
1 - Anze Kopitar (LAK)
2 - Henrik Zetterberg (LAK)
3 - Boyd Devereaux (Ari)
Power Play
Coyotes - 3 on 3 Attempt(s) - 100,00%
Kings - 0 on 4 Attempt(s) - 0,00%
Penalty Kill
Coyotes - 4 on 4 Attempt(s) - 100,00%
- Score 1 goal in Penalty Kill
Kings - 0 on 3 Attempt(s) - 0,00%
- Score 0 goal in Penalty Kill
Official
Referees : McCauley Wes and Kimmerly Greg
Linesman : Lonnie Cameron and Michel Cormier
Game Notes
Nikolai Khabibulin enters game at 9:31 of 3rd period
Finance
Level 1 -- Attendance: 6000 (100,00%) -- Ticket Income 480 000 $
Level 2 -- Attendance: 4402 (88,04%) -- Ticket Income 242 110 $
Level 3 -- Attendance: 1547 (77,35%) -- Ticket Income 54 145 $
Level 4 -- Attendance: 2813 (70,33%) -- Ticket Income 70 325 $
Luxury Box -- Attendance: 949 (94,90%) -- Ticket Income 137 605 $
Game was played at the Staples Center
Total Attendance: 15711 (87,28%)
Total Ticket Income: 984 185 $
Other Income: 147 628 $
Total Income: 1 131 813 $
Coyotes
5 vs 5 Forward
Center Left Wing Right Wing Time % Phy DF OF
1 Frans Nielsen Drew Miller Marian Gaborik 35 1 0 4
2 Tim Connolly Erik Cole Chris Stewart 31 1 1 3
3 Erik Christensen Pavel Brendl Chad Larose 18 2 1 2
4 Boyd Devereaux Shawn Thornton Vaclav Varada 16 3 2 0
5 vs 5 Defense
Defense Defense Time % Phy DF OF
1 Kurt Sauer Lukas Krajicek 38 1 2 2
2 Denis Grebeshkov Anton Stralman 34 1 1 3
3 Jiri Fischer Andy Sutton 26 3 2 0
4 Kurt Sauer Denis Grebeshkov 2 1 1 3
PowerPlay Forward
Center Left Wing Right Wing Time % Phy DF OF
1 Frans Nielsen Chris Stewart Marian Gaborik 55 1 0 4
2 Tim Connolly Drew Miller Erik Christensen 45 1 0 4
PowerPlay Defense
Defense Defense Time % Phy DF OF
1 Denis Grebeshkov Lukas Krajicek 55 0 1 4
2 Kurt Sauer Anton Stralman 45 1 0 4
Penalty Kill 4 Players Forward
Center Wing Time % Phy DF OF
1 Boyd Devereaux Chad Larose 52 1 3 1
2 Vaclav Varada Erik Cole 48 1 3 1
Penalty Kill 4 Players Defense
Defense Defense Time % Phy DF OF
1 Kurt Sauer Jiri Fischer 52 1 4 0
2 Andy Sutton Denis Grebeshkov 48 1 4 0
Penalty Kill - 3 Players Forward
Forward Time % Phy DF OF
1 Drew Miller 53 0 5 0
2 Chad Larose 47 1 4 0
Penalty Kill - 3 Players Defense
Defense Defense Time % Phy DF OF
1 Jiri Fischer Kurt Sauer 53 1 4 0
2 Andy Sutton Denis Grebeshkov 47 1 4 0
4 vs 4 Forward
Center Wing Time % Phy DF OF
1 Tim Connolly Marian Gaborik 52 0 1 4
2 Frans Nielsen Drew Miller 48 0 2 3
4 vs 4 Defense
Defense Defense Time % Phy DF OF
1 Kurt Sauer Lukas Krajicek 52 1 2 2
2 Denis Grebeshkov Jiri Fischer 48 1 2 2
Last Minutes Offensive
Center Left Wing Right Wing Defense Defense
Tim Connolly Drew Miller Marian Gaborik Denis Grebeshkov Erik Christensen
Last Minutes Defensive
Center Left Wing Right Wing Defense Defense
Boyd Devereaux Drew Miller Chad Larose Kurt Sauer Jiri Fischer
Goaltenders
Starting : Ryan Miller
Backup : Marc Denis
Extra Forwards
Normal : Marian Gaborik, Drew Miller, Erik Cole - PP : Marian Gaborik, Erik Cole - PK : Drew Miller
Extra Defensemen
Normal : Denis Grebeshkov, Kurt Sauer, Anton Stralman - PP : Denis Grebeshkov - PK : Jiri Fischer, Kurt Sauer
Penalty Shots
Marian Gaborik, Chris Stewart, Erik Christensen, Frans Nielsen, Erik Cole
Kings
5 vs 5 Forward
Center Left Wing Right Wing Time % Phy DF OF
1 Anze Kopitar Henrik Zetterberg Kyle Okposo 35 0 3 2
2 Matt Duchene Chris Higgins Patrick Kane 30 0 3 2
3 Mike Cammalleri Mikkel Boedker Jonas Hoglund 25 0 3 2
4 Viktor Kozlov Hnat Domenichelli Sheldon Keefe 10 1 3 1
5 vs 5 Defense
Defense Defense Time % Phy DF OF
1 Eric Brewer Adrian Aucoin 35 1 3 1
2 Jeff Schultz Marc-Édouard Vlasic 35 1 3 1
3 Lubomir Visnovsky Luke Schenn 30 1 3 1
4 Lubomir Visnovsky Luke Schenn 0 1 3 1
PowerPlay Forward
Center Left Wing Right Wing Time % Phy DF OF
1 Anze Kopitar Mikkel Boedker Patrick Kane 60 0 1 4
2 Matt Duchene Henrik Zetterberg Kyle Okposo 40 0 1 4
PowerPlay Defense
Defense Defense Time % Phy DF OF
1 Marc-Édouard Vlasic Eric Brewer 60 0 2 3
2 Adrian Aucoin Mike Cammalleri 40 0 2 3
Penalty Kill 4 Players Forward
Center Wing Time % Phy DF OF
1 Sheldon Keefe Jonas Hoglund 60 1 3 1
2 Viktor Kozlov Mike Cammalleri 40 1 3 1
Penalty Kill 4 Players Defense
Defense Defense Time % Phy DF OF
1 Jeff Schultz Lubomir Visnovsky 60 1 4 0
2 Adrian Aucoin Eric Brewer 40 1 4 0
Penalty Kill - 3 Players Forward
Forward Time % Phy DF OF
1 Sheldon Keefe 60 1 3 1
2 Viktor Kozlov 40 1 3 1
Penalty Kill - 3 Players Defense
Defense Defense Time % Phy DF OF
1 Lubomir Visnovsky Jeff Schultz 60 1 4 0
2 Adrian Aucoin Eric Brewer 40 1 4 0
4 vs 4 Forward
Center Wing Time % Phy DF OF
1 Anze Kopitar Patrick Kane 60 1 2 2
2 Mike Cammalleri Henrik Zetterberg 40 0 3 2
4 vs 4 Defense
Defense Defense Time % Phy DF OF
1 Eric Brewer Jeff Schultz 60 1 2 2
2 Lubomir Visnovsky Adrian Aucoin 40 1 2 2
Last Minutes Offensive
Center Left Wing Right Wing Defense Defense
Anze Kopitar Henrik Zetterberg Patrick Kane Marc-Édouard Vlasic Adrian Aucoin
Last Minutes Defensive
Center Left Wing Right Wing Defense Defense
Anze Kopitar Henrik Zetterberg Patrick Kane Eric Brewer Jeff Schultz
Goaltenders
Starting : Ondrej Pavelec
Backup : Nikolai Khabibulin
Extra Forwards
Normal : Anze Kopitar, Patrick Kane, Henrik Zetterberg - PP : Chris Higgins, Viktor Kozlov - PK : Anze Kopitar
Extra Defensemen
Normal : Eric Brewer, Marc-Édouard Vlasic, Luke Schenn - PP : Lubomir Visnovsky - PK : Luke Schenn, Marc-Édouard Vlasic
Penalty Shots
Anze Kopitar, Mikkel Boedker, Patrick Kane, Henrik Zetterberg, Mike Cammalleri
% Time on Ice - Coyotes
Lines # - Real PCT - Wanted PCT - Time Play
Normal Forward
1 - 34% - 35% - 16:04
2 - 30% - 31% - 14:05
3 - 19% - 18% - 8:47
4 - 17% - 16% - 7:46
Normal Defense
1 - 38% - 38% - 17:46
2 - 33% - 34% - 15:35
3 - 27% - 26% - 12:25
4 - 2% - 2% - 0:56
PP Forward
1 - 69% - 55% - 5:00
2 - 31% - 45% - 2:12
PP Defense
1 - 64% - 55% - 4:36
2 - 36% - 45% - 2:36
PK Forward
1 - 56% - 52% - 2:23
2 - 44% - 48% - 1:53
PK Defense
1 - 55% - 52% - 2:22
2 - 45% - 48% - 1:54
PK3 Forward
1 - 58% - 53% - 1:04
2 - 42% - 47% - 0:46
PK3 Defense
1 - 59% - 53% - 1:05
2 - 41% - 47% - 0:45
44 Forward
1 - 0% - 52%
2 - 0% - 48%
44 Defense
1 - 0% - 52%
2 - 0% - 48%
Last Minute Offensive - 0:00
Last Minute Defensive - 0:00
Total
Forward - 60:00
Defense - 60:00
|
% Time on Ice - Kings
Lines # - Real PCT - Wanted PCT - Time Play
Normal Forward
1 - 34% - 35% - 15:59
2 - 29% - 30% - 13:25
3 - 23% - 25% - 10:42
4 - 14% - 10% - 6:36
Normal Defense
1 - 34% - 35% - 15:52
2 - 36% - 35% - 16:49
3 - 30% - 30% - 14:01
4 - 0% - 0% - 0:00
PP Forward
1 - 59% - 60% - 3:36
2 - 41% - 40% - 2:30
PP Defense
1 - 63% - 60% - 3:52
2 - 37% - 40% - 2:14
PK Forward
1 - 77% - 60% - 5:32
2 - 23% - 40% - 1:40
PK Defense
1 - 61% - 60% - 4:24
2 - 39% - 40% - 2:48
PK3 Forward
1 - 0% - 60%
2 - 0% - 40%
PK3 Defense
1 - 0% - 60%
2 - 0% - 40%
44 Forward
1 - 0% - 60%
2 - 0% - 40%
44 Defense
1 - 0% - 60%
2 - 0% - 40%
Last Minute Offensive - 0:00
Last Minute Defensive - 0:00
Total
Forward - 60:00
Defense - 60:00
|
Play by Play
1st period
0:01 of 1st period - Anze Kopitar wins face-off versus Frans Nielsen in neutral zone.
0:04 of 1st period - Marian Gaborik is hit by Adrian Aucoin and loses puck.
0:38 of 1st period - Wrist shot by Patrick Kane.
0:38 of 1st period - Shot Blocked by Kurt Sauer.
0:44 of 1st period - Minor Penalty to Erik Cole for Slashing.
0:45 of 1st period - Anze Kopitar wins face-off versus Boyd Devereaux in Coyotes zone.
1:25 of 1st period - Icing by Marc-Édouard Vlasic.
1:26 of 1st period - Matt Duchene wins face-off versus Boyd Devereaux in Kings zone.
1:42 of 1st period - Snap shot by Boyd Devereaux.
1:42 of 1st period - Goal by Boyd Devereaux - Coyotes : 1 - Kings : 0.
1:43 of 1st period - Patrick Kane wins face-off versus Vaclav Varada in neutral zone.
1:56 of 1st period - Snap shot by Anze Kopitar.
1:56 of 1st period - Stopped by Ryan Miller with a rebound.
1:58 of 1st period - Snap shot by Patrick Kane.
1:58 of 1st period - Shot Misses the Net.
2:14 of 1st period - Snap shot by Matt Duchene.
2:14 of 1st period - Stopped by Ryan Miller without a rebound.
2:15 of 1st period - Boyd Devereaux wins face-off versus Anze Kopitar in Coyotes zone.
2:22 of 1st period - Snap shot by Anze Kopitar.
2:22 of 1st period - Shot Misses the Net.
2:24 of 1st period - Wrist shot by Eric Brewer.
2:24 of 1st period - Deflect By Anze Kopitar.
2:24 of 1st period - Shot Misses the Net.
2:24 of 1st period - Puck is out of play.
2:25 of 1st period - Anze Kopitar wins face-off versus Vaclav Varada in Coyotes zone.
2:40 of 1st period - Snap shot by Anze Kopitar.
2:40 of 1st period - Shot Blocked by Jiri Fischer.
2:44 of 1st period - Penalty to Erik Cole is over, Erik Cole is back on ice.
2:52 of 1st period - Wrist shot by Anze Kopitar.
2:52 of 1st period - Stopped by Ryan Miller with a rebound.
3:10 of 1st period - Snap shot by Patrick Kane.
3:10 of 1st period - Stopped by Ryan Miller with a rebound.
3:12 of 1st period - Slapshot by Eric Brewer.
3:12 of 1st period - Stopped by Ryan Miller without a rebound.
3:13 of 1st period - Viktor Kozlov wins face-off versus Pavel Brendl in Coyotes zone.
4:55 of 1st period - Slapshot by Marc-Édouard Vlasic.
4:55 of 1st period - Shot Blocked by Jiri Fischer.
5:20 of 1st period - Wrist shot by Jonas Hoglund.
5:20 of 1st period - Stopped by Ryan Miller without a rebound.
5:21 of 1st period - Boyd Devereaux wins face-off versus Mike Cammalleri in Coyotes zone.
5:27 of 1st period - Wrist shot by Mike Cammalleri.
5:27 of 1st period - Deflect By Boyd Devereaux.
5:27 of 1st period - Stopped by Ryan Miller with a rebound.
6:14 of 1st period - Slapshot by Anze Kopitar.
6:14 of 1st period - Shot Misses the Net.
6:16 of 1st period - Snap shot by Anze Kopitar.
6:16 of 1st period - Deflect By Henrik Zetterberg.
6:16 of 1st period - Shot Misses the Net.
6:16 of 1st period - Puck is out of play.
6:17 of 1st period - Tim Connolly wins face-off versus Patrick Kane in Coyotes zone.
6:56 of 1st period - Snap shot by Patrick Kane.
6:56 of 1st period - Stopped by Ryan Miller without a rebound.
6:57 of 1st period - Frans Nielsen wins face-off versus Mike Cammalleri in Coyotes zone.
6:57 of 1st period - Frans Nielsen is hit by Mike Cammalleri.
7:05 of 1st period - Snap shot by Drew Miller.
7:05 of 1st period - Stopped by Ondrej Pavelec with a rebound.
7:07 of 1st period - Slapshot by Frans Nielsen.
7:07 of 1st period - Stopped by Ondrej Pavelec without a rebound.
7:08 of 1st period - Anze Kopitar wins face-off versus Frans Nielsen in Kings zone.
7:08 of 1st period - Anze Kopitar is hit by Drew Miller.
7:18 of 1st period - Snap shot by Marian Gaborik.
7:18 of 1st period - Shot Misses the Net.
7:42 of 1st period - Slapshot by Patrick Kane.
7:42 of 1st period - Shot Blocked by Drew Miller.
7:44 of 1st period - Backhand shot by Patrick Kane.
7:44 of 1st period - Deflect By Chris Higgins.
7:44 of 1st period - Shot Blocked by Anton Stralman.
7:44 of 1st period - Puck is out of play.
7:45 of 1st period - Erik Christensen wins face-off versus Mike Cammalleri in Coyotes zone.
8:10 of 1st period - Vaclav Varada is hit by Henrik Zetterberg and loses puck.
9:01 of 1st period - Wrist shot by Tim Connolly.
9:01 of 1st period - Goal by Tim Connolly - Coyotes : 2 - Kings : 0.
9:02 of 1st period - Erik Christensen wins face-off versus Anze Kopitar in neutral zone.
9:05 of 1st period - Wrist shot by Chad Larose.
9:05 of 1st period - Shot Blocked by Eric Brewer.
9:34 of 1st period - Kurt Sauer is hit by Adrian Aucoin and loses puck.
9:57 of 1st period - Snap shot by Tim Connolly.
9:57 of 1st period - Shot Misses the Net.
10:15 of 1st period - Snap shot by Viktor Kozlov.
10:15 of 1st period - Stopped by Ryan Miller without a rebound.
10:16 of 1st period - Frans Nielsen wins face-off versus Anze Kopitar in Coyotes zone.
10:21 of 1st period - Snap shot by Marian Gaborik.
10:21 of 1st period - Shot Misses the Net.
11:08 of 1st period - Wrist shot by Patrick Kane.
11:08 of 1st period - Stopped by Ryan Miller with a rebound.
11:29 of 1st period - Icing by Sheldon Keefe.
11:30 of 1st period - Viktor Kozlov wins face-off versus Frans Nielsen in Kings zone.
12:20 of 1st period - Snap shot by Patrick Kane.
12:20 of 1st period - Stopped by Ryan Miller with a rebound.
12:22 of 1st period - Slapshot by Adrian Aucoin.
12:22 of 1st period - Stopped by Ryan Miller with a rebound.
12:44 of 1st period - Snap shot by Mike Cammalleri.
12:44 of 1st period - Shot Misses the Net.
12:50 of 1st period - Snap shot by Jonas Hoglund.
12:50 of 1st period - Shot Blocked by Kurt Sauer.
12:52 of 1st period - Snap shot by Mikkel Boedker.
12:52 of 1st period - Shot Misses the Net.
14:06 of 1st period - Off-side.
14:07 of 1st period - Mikkel Boedker wins face-off versus Erik Christensen in neutral zone.
14:42 of 1st period - Wrist shot by Erik Cole.
14:42 of 1st period - Stopped by Ondrej Pavelec without a rebound.
14:43 of 1st period - Frans Nielsen wins face-off versus Patrick Kane in Kings zone.
14:54 of 1st period - Snap shot by Matt Duchene.
14:54 of 1st period - Stopped by Ryan Miller with a rebound.
15:22 of 1st period - Snap shot by Mike Cammalleri.
15:22 of 1st period - Shot Misses the Net.
15:38 of 1st period - Slapshot by Denis Grebeshkov.
15:38 of 1st period - Stopped by Ondrej Pavelec without a rebound.
15:39 of 1st period - Anze Kopitar wins face-off versus Vaclav Varada in Kings zone.
16:53 of 1st period - Kyle Okposo is hit by Andy Sutton and loses puck.
17:08 of 1st period - Slapshot by Eric Brewer.
17:08 of 1st period - Shot Blocked by Anton Stralman.
17:10 of 1st period - Slapshot by Luke Schenn.
17:10 of 1st period - Shot Blocked by Boyd Devereaux.
17:12 of 1st period - Slapshot by Lubomir Visnovsky.
17:12 of 1st period - Shot Blocked by Anton Stralman.
17:34 of 1st period - Snap shot by Marian Gaborik.
17:34 of 1st period - Shot Misses the Net.
17:36 of 1st period - Slapshot by Anton Stralman.
17:36 of 1st period - Deflect By Marian Gaborik.
17:36 of 1st period - Deflect By Patrick Kane.
17:36 of 1st period - Shot Misses the Net.
17:36 of 1st period - Puck is out of play.
17:37 of 1st period - Frans Nielsen wins face-off versus Anze Kopitar in Kings zone.
18:11 of 1st period - Snap shot by Jonas Hoglund.
18:11 of 1st period - Shot Blocked by Tim Connolly.
18:13 of 1st period - Snap shot by Jonas Hoglund.
18:13 of 1st period - Deflect By Mike Cammalleri.
18:13 of 1st period - Shot Blocked by Kurt Sauer.
18:13 of 1st period - Puck is out of play.
18:14 of 1st period - Erik Christensen wins face-off versus Matt Duchene in Coyotes zone.
18:39 of 1st period - Lubomir Visnovsky is hit by Anton Stralman and loses puck.
18:46 of 1st period - Snap shot by Erik Cole.
18:46 of 1st period - Shot Misses the Net.
18:48 of 1st period - Snap shot by Erik Cole.
18:48 of 1st period - Stopped by Ondrej Pavelec without a rebound.
18:49 of 1st period - Anze Kopitar wins face-off versus Marian Gaborik in Kings zone.
18:49 of 1st period - Anze Kopitar is hit by Drew Miller.
18:57 of 1st period - Kurt Sauer is hit by Anze Kopitar and loses puck.
19:18 of 1st period - Mikkel Boedker is hit by Chris Stewart and loses puck.
Goals for this period are 2 for Coyotes vs 0 for Kings.
Shots for this period are 7 for Coyotes vs 13 for Kings.
2nd period
0:01 of 2nd period - Frans Nielsen wins face-off versus Kyle Okposo in neutral zone.
0:32 of 2nd period - Slapshot by Boyd Devereaux.
0:32 of 2nd period - Stopped by Ondrej Pavelec without a rebound.
0:33 of 2nd period - Jonas Hoglund wins face-off versus Boyd Devereaux in Kings zone.
0:43 of 2nd period - Slapshot by Denis Grebeshkov.
0:43 of 2nd period - Deflect By Boyd Devereaux.
0:43 of 2nd period - Shot Misses the Net.
0:43 of 2nd period - Puck is out of play.
0:44 of 2nd period - Drew Miller wins face-off versus Kyle Okposo in Kings zone.
0:57 of 2nd period - Snap shot by Anze Kopitar.
0:57 of 2nd period - Stopped by Ryan Miller without a rebound.
0:58 of 2nd period - Matt Duchene wins face-off versus Tim Connolly in Coyotes zone.
0:59 of 2nd period - Snap shot by Patrick Kane.
0:59 of 2nd period - Stopped by Ryan Miller with a rebound.
1:11 of 2nd period - Wrist shot by Patrick Kane.
1:11 of 2nd period - Deflect By Matt Duchene.
1:11 of 2nd period - Shot Blocked by Erik Cole.
1:11 of 2nd period - Puck is out of play.
1:12 of 2nd period - Anze Kopitar wins face-off versus Frans Nielsen in Coyotes zone.
1:13 of 2nd period - Wrist shot by Henrik Zetterberg.
1:13 of 2nd period - Shot Misses the Net.
1:15 of 2nd period - Snap shot by Anze Kopitar.
1:15 of 2nd period - Goal by Anze Kopitar - Coyotes : 2 - Kings : 1.
1:16 of 2nd period - Anze Kopitar wins face-off versus Frans Nielsen in neutral zone.
1:29 of 2nd period - Snap shot by Anze Kopitar.
1:29 of 2nd period - Stopped by Ryan Miller with a rebound.
1:31 of 2nd period - Slapshot by Luke Schenn.
1:31 of 2nd period - Stopped by Ryan Miller with a rebound.
1:33 of 2nd period - Snap shot by Kyle Okposo.
1:33 of 2nd period - Stopped by Ryan Miller with a rebound.
1:43 of 2nd period - Jonas Hoglund is hit by Erik Christensen and loses puck.
2:10 of 2nd period - Lukas Krajicek is hit by Matt Duchene and loses puck.
2:15 of 2nd period - Snap shot by Chris Higgins.
2:15 of 2nd period - Deflect By Matt Duchene.
2:15 of 2nd period - Shot Misses the Net.
2:15 of 2nd period - Puck is out of play.
2:16 of 2nd period - Anze Kopitar wins face-off versus Frans Nielsen in Coyotes zone.
2:27 of 2nd period - Wrist shot by Anze Kopitar.
2:27 of 2nd period - Goal by Anze Kopitar - Coyotes : 2 - Kings : 2.
2:28 of 2nd period - Anze Kopitar wins face-off versus Marian Gaborik in neutral zone.
2:31 of 2nd period - Slapshot by Adrian Aucoin.
2:31 of 2nd period - Stopped by Ryan Miller with a rebound.
3:43 of 2nd period - Wrist shot by Anze Kopitar.
3:43 of 2nd period - Deflect By Henrik Zetterberg.
3:43 of 2nd period - Shot Misses the Net.
3:43 of 2nd period - Puck is out of play.
3:44 of 2nd period - Matt Duchene wins face-off versus Drew Miller in Coyotes zone.
3:47 of 2nd period - Wrist shot by Patrick Kane.
3:47 of 2nd period - Shot Blocked by Anton Stralman.
3:55 of 2nd period - Slapshot by Frans Nielsen.
3:55 of 2nd period - Shot Misses the Net.
3:57 of 2nd period - Slapshot by Anton Stralman.
3:57 of 2nd period - Shot Blocked by Matt Duchene.
3:59 of 2nd period - Wrist shot by Marian Gaborik.
3:59 of 2nd period - Shot Misses the Net.
4:01 of 2nd period - Snap shot by Drew Miller.
4:01 of 2nd period - Shot Misses the Net.
5:00 of 2nd period - Slapshot by Vaclav Varada.
5:00 of 2nd period - Stopped by Ondrej Pavelec without a rebound.
5:01 of 2nd period - Frans Nielsen wins face-off versus Mike Cammalleri in Kings zone.
5:12 of 2nd period - Wrist shot by Mike Cammalleri.
5:12 of 2nd period - Shot Blocked by Anton Stralman.
5:14 of 2nd period - Wrist shot by Mike Cammalleri.
5:14 of 2nd period - Shot Misses the Net.
5:16 of 2nd period - Snap shot by Adrian Aucoin.
5:16 of 2nd period - Shot Blocked by Drew Miller.
5:26 of 2nd period - Patrick Kane is hit by Anton Stralman and loses puck.
5:35 of 2nd period - Snap shot by Eric Brewer.
5:35 of 2nd period - Stopped by Ryan Miller without a rebound.
5:36 of 2nd period - Tim Connolly wins face-off versus Mike Cammalleri in Coyotes zone.
6:01 of 2nd period - Marc-Édouard Vlasic is hit by Marian Gaborik.
6:20 of 2nd period - Minor Penalty to Patrick Kane for Slashing.
6:21 of 2nd period - Frans Nielsen wins face-off versus Sheldon Keefe in Kings zone.
6:26 of 2nd period - Snap shot by Chris Stewart.
6:26 of 2nd period - Stopped by Ondrej Pavelec without a rebound.
6:27 of 2nd period - Frans Nielsen wins face-off versus Sheldon Keefe in Kings zone.
7:50 of 2nd period - Sheldon Keefe is hit by Marian Gaborik and loses puck.
8:20 of 2nd period - Penalty to Patrick Kane is over, Patrick Kane is back on ice.
8:45 of 2nd period - Snap shot by Patrick Kane.
8:45 of 2nd period - Stopped by Ryan Miller with a rebound.
9:03 of 2nd period - Andy Sutton is hit by Eric Brewer.
9:35 of 2nd period - Backhand shot by Boyd Devereaux.
9:35 of 2nd period - Goal by Boyd Devereaux - Coyotes : 3 - Kings : 2.
9:36 of 2nd period - Jonas Hoglund wins face-off versus Frans Nielsen in neutral zone.
10:07 of 2nd period - Icing by Kyle Okposo.
10:08 of 2nd period - Anze Kopitar wins face-off versus Tim Connolly in Kings zone.
10:35 of 2nd period - Backhand shot by Tim Connolly.
10:35 of 2nd period - Stopped by Ondrej Pavelec without a rebound.
10:36 of 2nd period - Mike Cammalleri wins face-off versus Frans Nielsen in Kings zone.
10:43 of 2nd period - Wrist shot by Drew Miller.
10:43 of 2nd period - Stopped by Ondrej Pavelec with a rebound.
10:52 of 2nd period - Snap shot by Lubomir Visnovsky.
10:52 of 2nd period - Deflect By Mikkel Boedker.
10:52 of 2nd period - Shot Misses the Net.
10:52 of 2nd period - Puck is out of play.
10:53 of 2nd period - Matt Duchene wins face-off versus Tim Connolly in Coyotes zone.
11:18 of 2nd period - Mikkel Boedker is hit by Frans Nielsen and loses puck.
11:39 of 2nd period - Snap shot by Erik Christensen.
11:39 of 2nd period - Stopped by Ondrej Pavelec without a rebound.
11:40 of 2nd period - Erik Christensen wins face-off versus Anze Kopitar in Kings zone.
11:41 of 2nd period - Snap shot by Pavel Brendl.
11:41 of 2nd period - Deflect By Henrik Zetterberg.
11:41 of 2nd period - Stopped by Ondrej Pavelec with a rebound.
12:02 of 2nd period - Off-side.
12:03 of 2nd period - Matt Duchene wins face-off versus Frans Nielsen in neutral zone.
12:08 of 2nd period - Slapshot by Matt Duchene.
12:08 of 2nd period - Stopped by Ryan Miller without a rebound.
12:09 of 2nd period - Patrick Kane wins face-off versus Frans Nielsen in Coyotes zone.
12:18 of 2nd period - Wrist shot by Patrick Kane.
12:18 of 2nd period - Stopped by Ryan Miller without a rebound.
12:19 of 2nd period - Matt Duchene wins face-off versus Tim Connolly in Coyotes zone.
13:24 of 2nd period - Slapshot by Boyd Devereaux.
13:24 of 2nd period - Shot Misses the Net.
13:34 of 2nd period - Slapshot by Vaclav Varada.
13:34 of 2nd period - Shot Misses the Net.
13:48 of 2nd period - Marc-Édouard Vlasic is hit by Erik Cole and loses puck.
14:11 of 2nd period - Snap shot by Anze Kopitar.
14:11 of 2nd period - Deflect By Kyle Okposo.
14:11 of 2nd period - Shot Blocked by Andy Sutton.
14:11 of 2nd period - Puck is out of play.
14:12 of 2nd period - Frans Nielsen wins face-off versus Anze Kopitar in Coyotes zone.
14:36 of 2nd period - Wrist shot by Anze Kopitar.
14:36 of 2nd period - Shot Misses the Net.
15:22 of 2nd period - Snap shot by Drew Miller.
15:22 of 2nd period - Deflect By Frans Nielsen.
15:22 of 2nd period - Shot Hit the Post.
15:22 of 2nd period - Puck is out of play.
15:23 of 2nd period - Patrick Kane wins face-off versus Frans Nielsen in Kings zone.
15:48 of 2nd period - Marian Gaborik is hit by Eric Brewer and loses puck.
16:02 of 2nd period - Snap shot by Drew Miller.
16:02 of 2nd period - Shot Blocked by Marc-Édouard Vlasic.
16:04 of 2nd period - Snap shot by Frans Nielsen.
16:04 of 2nd period - Shot Blocked by Jeff Schultz.
16:17 of 2nd period - Minor Penalty to Marian Gaborik for Tripping.
16:18 of 2nd period - Anze Kopitar wins face-off versus Boyd Devereaux in Coyotes zone.
16:26 of 2nd period - Minor Penalty to Boyd Devereaux for Holding.
16:27 of 2nd period - Anze Kopitar wins face-off versus Drew Miller in Coyotes zone.
16:53 of 2nd period - Eric Brewer is hit by Chad Larose and loses puck.
17:26 of 2nd period - Adrian Aucoin is hit by Chad Larose and loses puck.
18:17 of 2nd period - Penalty to Marian Gaborik is over, Marian Gaborik is back on ice.
18:26 of 2nd period - Penalty to Boyd Devereaux is over, Boyd Devereaux is back on ice.
18:39 of 2nd period - Erik Cole is hit by Hnat Domenichelli and loses puck.
19:13 of 2nd period - Slapshot by Anton Stralman.
19:13 of 2nd period - Shot Misses the Net.
Goals for this period are 1 for Coyotes vs 2 for Kings.
Shots for this period are 8 for Coyotes vs 12 for Kings.
3rd period
0:01 of 3rd period - Matt Duchene wins face-off versus Tim Connolly in neutral zone.
0:26 of 3rd period - Matt Duchene is hit by Erik Christensen and loses puck.
1:00 of 3rd period - Icing by Patrick Kane.
1:01 of 3rd period - Frans Nielsen wins face-off versus Matt Duchene in Kings zone.
1:20 of 3rd period - Snap shot by Patrick Kane.
1:20 of 3rd period - Deflect By Frans Nielsen.
1:20 of 3rd period - Shot Misses the Net.
1:20 of 3rd period - Puck is out of play.
1:21 of 3rd period - Tim Connolly wins face-off versus Mike Cammalleri in Coyotes zone.
1:25 of 3rd period - Off-side.
1:26 of 3rd period - Tim Connolly wins face-off versus Mike Cammalleri in neutral zone.
1:37 of 3rd period - Snap shot by Chris Stewart.
1:37 of 3rd period - Deflect By Erik Cole.
1:37 of 3rd period - Shot Misses the Net.
1:37 of 3rd period - Puck is out of play.
1:38 of 3rd period - Frans Nielsen wins face-off versus Mike Cammalleri in Kings zone.
1:45 of 3rd period - Slapshot by Drew Miller.
1:45 of 3rd period - Shot Blocked by Mike Cammalleri.
2:05 of 3rd period - Eric Brewer is hit by Erik Cole and loses puck.
2:34 of 3rd period - Hnat Domenichelli is hit by Pavel Brendl and loses puck.
2:44 of 3rd period - Icing by Lubomir Visnovsky.
2:45 of 3rd period - Matt Duchene wins face-off versus Boyd Devereaux in Kings zone.
2:45 of 3rd period - Matt Duchene is hit by Boyd Devereaux.
2:58 of 3rd period - Minor Penalty to Shawn Thornton for Goalie Interference.
2:59 of 3rd period - Anze Kopitar wins face-off versus Boyd Devereaux in Coyotes zone.
3:01 of 3rd period - Slapshot by Anze Kopitar.
3:01 of 3rd period - Stopped by Ryan Miller with a rebound.
3:03 of 3rd period - Slapshot by Marc-Édouard Vlasic.
3:03 of 3rd period - Stopped by Ryan Miller with a rebound.
3:05 of 3rd period - Snap shot by Anze Kopitar.
3:05 of 3rd period - Stopped by Ryan Miller with a rebound.
3:25 of 3rd period - Jiri Fischer is hit by Marc-Édouard Vlasic and loses puck.
4:58 of 3rd period - Penalty to Shawn Thornton is over, Shawn Thornton is back on ice.
7:02 of 3rd period - Eric Brewer is hit by Vaclav Varada and loses puck.
7:34 of 3rd period - Lukas Krajicek is hit by Anze Kopitar and loses puck.
8:15 of 3rd period - Snap shot by Erik Christensen.
8:15 of 3rd period - Shot Misses the Net.
9:17 of 3rd period - Minor Penalty to Mikkel Boedker for Interference.
9:18 of 3rd period - Sheldon Keefe wins face-off versus Frans Nielsen in Kings zone.
9:31 of 3rd period - Wrist shot by Marian Gaborik.
9:31 of 3rd period - Goal by Marian Gaborik - Coyotes : 4 - Kings : 2.
9:31 of 3rd period - Nikolai Khabibulin enters game.
9:32 of 3rd period - Frans Nielsen wins face-off versus Anze Kopitar in neutral zone.
9:37 of 3rd period - Snap shot by Marian Gaborik.
9:37 of 3rd period - Stopped by Nikolai Khabibulin without a rebound.
9:38 of 3rd period - Anze Kopitar wins face-off versus Frans Nielsen in Kings zone.
10:17 of 3rd period - Slapshot by Chris Higgins.
10:17 of 3rd period - Shot Blocked by Kurt Sauer.
10:35 of 3rd period - Backhand shot by Erik Christensen.
10:35 of 3rd period - Stopped by Nikolai Khabibulin with a rebound.
10:37 of 3rd period - Snap shot by Kurt Sauer.
10:37 of 3rd period - Shot Misses the Net.
10:39 of 3rd period - Snap shot by Erik Christensen.
10:39 of 3rd period - Shot Misses the Net.
11:05 of 3rd period - Off-side.
11:06 of 3rd period - Anze Kopitar wins face-off versus Drew Miller in neutral zone.
11:19 of 3rd period - Slapshot by Frans Nielsen.
11:19 of 3rd period - Shot Blocked by Lubomir Visnovsky.
11:21 of 3rd period - Snap shot by Drew Miller.
11:21 of 3rd period - Deflect By Frans Nielsen.
11:21 of 3rd period - Shot Blocked by Luke Schenn.
11:21 of 3rd period - Puck is out of play.
11:22 of 3rd period - Tim Connolly wins face-off versus Matt Duchene in Kings zone.
11:26 of 3rd period - Major Penalty to Eric Brewer for Checking from behind.
11:27 of 3rd period - Frans Nielsen wins face-off versus Sheldon Keefe in Kings zone.
11:41 of 3rd period - Wrist shot by Marian Gaborik.
11:41 of 3rd period - Shot Blocked by Jeff Schultz.
11:43 of 3rd period - Wrist shot by Frans Nielsen.
11:43 of 3rd period - Stopped by Nikolai Khabibulin without a rebound.
11:44 of 3rd period - Tim Connolly wins face-off versus Sheldon Keefe in Kings zone.
11:53 of 3rd period - Snap shot by Drew Miller.
11:53 of 3rd period - Goal by Drew Miller - Coyotes : 5 - Kings : 2.
11:54 of 3rd period - Frans Nielsen wins face-off versus Sheldon Keefe in neutral zone.
12:05 of 3rd period - Off-side.
12:06 of 3rd period - Marian Gaborik wins face-off versus Sheldon Keefe in neutral zone.
12:09 of 3rd period - Lubomir Visnovsky is hit by Chris Stewart and loses puck.
12:14 of 3rd period - Wrist shot by Frans Nielsen.
12:14 of 3rd period - Deflect By Chris Stewart.
12:14 of 3rd period - Shot Blocked by Sheldon Keefe.
12:14 of 3rd period - Puck is out of play.
12:15 of 3rd period - Frans Nielsen wins face-off versus Sheldon Keefe in Kings zone.
12:39 of 3rd period - Off-side.
12:40 of 3rd period - Sheldon Keefe wins face-off versus Tim Connolly in neutral zone.
12:45 of 3rd period - Slapshot by Jonas Hoglund.
12:45 of 3rd period - Stopped by Ryan Miller without a rebound.
12:46 of 3rd period - Sheldon Keefe wins face-off versus Tim Connolly in Coyotes zone.
13:53 of 3rd period - Adrian Aucoin is hit by Tim Connolly and loses puck.
14:22 of 3rd period - Chris Stewart is hit by Lubomir Visnovsky and loses puck.
15:17 of 3rd period - Icing by Denis Grebeshkov.
15:18 of 3rd period - Sheldon Keefe wins face-off versus Erik Cole in Coyotes zone.
15:38 of 3rd period - Slapshot by Chad Larose.
15:38 of 3rd period - Stopped by Nikolai Khabibulin with a rebound.
15:40 of 3rd period - Slapshot by Lukas Krajicek.
15:40 of 3rd period - Shot Misses the Net.
15:42 of 3rd period - Slapshot by Erik Cole.
15:42 of 3rd period - Stopped by Nikolai Khabibulin with a rebound.
15:44 of 3rd period - Slapshot by Lukas Krajicek.
15:44 of 3rd period - Shot Blocked by Jeff Schultz.
15:46 of 3rd period - Snap shot by Chad Larose.
15:46 of 3rd period - Deflect By Shawn Thornton.
15:46 of 3rd period - Stopped by Nikolai Khabibulin with a rebound.
15:48 of 3rd period - Wrist shot by Erik Cole.
15:48 of 3rd period - Shot Misses the Net.
15:50 of 3rd period - Wrist shot by Erik Cole.
15:50 of 3rd period - Shot Misses the Net.
15:52 of 3rd period - Snap shot by Shawn Thornton.
15:52 of 3rd period - Shot Misses the Net.
15:54 of 3rd period - Backhand shot by Lukas Krajicek.
15:54 of 3rd period - Deflect By Shawn Thornton.
15:54 of 3rd period - Stopped by Nikolai Khabibulin with a rebound.
15:58 of 3rd period - Snap shot by Erik Cole.
15:58 of 3rd period - Shot Blocked by Lubomir Visnovsky.
16:00 of 3rd period - Snap shot by Denis Grebeshkov.
16:00 of 3rd period - Goal by Denis Grebeshkov - Coyotes : 6 - Kings : 2.
16:01 of 3rd period - Sheldon Keefe wins face-off versus Frans Nielsen in neutral zone.
16:01 of 3rd period - Sheldon Keefe is hit by Marian Gaborik.
16:26 of 3rd period - Penalty to Eric Brewer is over, Eric Brewer is back on ice.
16:43 of 3rd period - Snap shot by Anze Kopitar.
16:43 of 3rd period - Shot Blocked by Tim Connolly.
17:03 of 3rd period - Matt Duchene is hit by Shawn Thornton and loses puck.
17:32 of 3rd period - Eric Brewer is hit by Erik Cole and loses puck.
17:57 of 3rd period - Snap shot by Henrik Zetterberg.
17:57 of 3rd period - Goal by Henrik Zetterberg - Coyotes : 6 - Kings : 3.
17:58 of 3rd period - Frans Nielsen wins face-off versus Anze Kopitar in neutral zone.
18:24 of 3rd period - Patrick Kane is hit by Tim Connolly and loses puck.
18:51 of 3rd period - Snap shot by Mikkel Boedker.
18:51 of 3rd period - Stopped by Ryan Miller without a rebound.
18:52 of 3rd period - Frans Nielsen wins face-off versus Anze Kopitar in Coyotes zone.
18:54 of 3rd period - Icing by Denis Grebeshkov.
18:55 of 3rd period - Frans Nielsen wins face-off versus Anze Kopitar in Coyotes zone.
19:04 of 3rd period - Lubomir Visnovsky is hit by Frans Nielsen and loses puck.
19:30 of 3rd period - Off-side.
19:31 of 3rd period - Matt Duchene wins face-off versus Frans Nielsen in neutral zone.
19:34 of 3rd period - Marian Gaborik is hit by Matt Duchene and loses puck.
Goals for this period are 3 for Coyotes vs 1 for Kings.
Shots for this period are 10 for Coyotes vs 6 for Kings.
Output by the SimonT Hockey Simulator (STHS) for François Prévost -- Original Page W3C XHTML 1.0 Valid